 Dungeon Crawl Stone Soup version 0.19.1-1-g22dce08 (webtiles) character file.

380 Macro the Cutter (level 7, -11/46 HPs)
             Began as a Halfling Fighter on Jan 15, 2017.
             Was an Initiate of Gozag.
             Mangled by Crazy Yiuf
             ... wielding a +3 quarterstaff of chaos
              (18 damage)
             ... on level 3 of the Dungeon.
             The game lasted 00:14:59 (2045 turns).

Macro the Cutter (Halfling Fighter)                 Turns: 2045, Time: 00:15:00

Health: -11/46     AC:  8    Str: 19    XL:     7   Next: 4%
Magic:  7/7        EV: 10    Int:  6    God:    Gozag
Gold:   271        SH: 10    Dex: 14    Spells: 0 memorised, 6 levels left

rFire  . . .     SeeInvis .     a - +0 rapier
rCold  . . .     Gourm    .     b - +0 scale mail
rNeg   . . .     Faith    .     c - +0 shield
rPois  .         Spirit   .     r - +0 helmet
rElec  .         Reflect  .     (no cloak)
rCorr  .         Harm     .     (no gloves)
MR     .....                    (no boots)
Stlth  ..........               (no amulet)
                                (no ring)
                                p - +1 ring of slaying

@: drained
A: mutation resistance 1
a: Potion Petition, Call Merchant, Bribe Branch, Renounce Religion


You were on level 3 of the Dungeon.
You worshipped Gozag.
Gozag was aware of your devotion.
You were not hungry.

You visited 1 branch of the dungeon, and saw 3 of its levels.

You collected 293 gold pieces.
You paid 22 gold pieces to Gozag.

Inventory:

Hand Weapons
 a - a +0 rapier (weapon)
Armour
 b - a +0 scale mail (worn)
 c - a +0 shield (worn)
 r - a +0 helmet (worn)
Magical Staves
 o - an uncursed staff of energy {unknown}
Jewellery
 p - a +1 ring of slaying (left hand)
Wands
 h - a wand of flame (25/48)
Scrolls
 e - 5 scrolls of identify {unknown}
 g - a scroll of noise {unknown}
 j - a scroll of remove curse {unknown}
 m - a scroll of magic mapping {unknown}
 n - a scroll of enchant armour {unknown}
Potions
 d - a potion of might
 q - a potion of curing {unknown}
Comestibles
 f - 3 bread rations
 i - 2 meat rations
 k - a slice of pizza
 l - 2 royal jellies


   Skills:
 + Level 3.1(2.9) Fighting
 + Level 5.8(5.6) Short Blades
 + Level 4.4(4.2) Armour
 + Level 1.6(1.4) Dodging
 + Level 0.2(0.0) Stealth
 + Level 4.7(4.5) Shields


You had 6 spell levels left.
You didn't know any spells.

Dungeon Overview and Level Annotations

Branches:
Dungeon (3/15)

Altars:
Gozag
Ru
Trog

Annotations:
D:3 Crazy Yiuf


Innate Abilities, Weirdness & Mutations

You are small and have problems with some larger weapons.
You are somewhat resistant to further mutation.


Message History

You block Crazy Yiuf's attack.
Crazy Yiuf hits you with a quarterstaff of chaos!
Crazy Yiuf freezes you.
You hit Crazy Yiuf.
Crazy Yiuf is lightly wounded.
You block Crazy Yiuf's attack.
You hit Crazy Yiuf but do no damage.
Crazy Yiuf is lightly wounded.
You block Crazy Yiuf's attack.
You hit Crazy Yiuf.
Crazy Yiuf is moderately wounded.
Crazy Yiuf hits you but does no damage.
You feel drained.
Crazy Yiuf hits you with a quarterstaff of chaos!
* * * LOW HITPOINT WARNING * * *
You closely miss Crazy Yiuf.
Crazy Yiuf is lightly wounded.
You block Crazy Yiuf's attack.
Crazy Yiuf hits you with a quarterstaff of chaos!!
You die...
Your body crumbles into a pile of gold.

#.# #P._P.# # #.#
#...^P# # ###.###
#^.^.P# #
#.....#######.###
#
#.....##...##.##
###
#.....##.####..#
#..
#.....##.###.P##
#.<
#.........g##.#
#..
#.....####@.^.#
#.. #.....#
###.## #..
#.....# #..# #..
#.....# ##g# ###
####### #.# #.#
♣♣♣♣♣###.# ###
♣♣♣.♣.P..#.#
#...#♣..♣.......#


You could see Crazy Yiuf (berserk).

Vanquished Creatures
  Purgy (D:3)
  2 eyes of draining (D:3)
  Terence (D:2)
  A gnoll (D:3)
  2 adders
  3 dart slugs
  2 leopard geckos
  An orc (D:3)
  9 bats
  A giant cockroach (D:3)
  7 goblins
  8 hobgoblins
  2 kobolds
  A quokka (D:2)
  A ball python (D:1)
  6 frilled lizards
  5 rats
53 creatures vanquished.

Notes
Turn   | Place    | Note
-------+----------+-------------------------------------------
     0 | D:1      | Macro the Halfling Fighter began the quest for the Orb.
     0 | D:1      | Reached XP level 1. HP: 15/15 MP: 1/1
    64 | D:1      | Reached XP level 2. HP: 19/20 MP: 2/2
   202 | D:1      | Reached XP level 3. HP: 25/25 MP: 3/3
   668 | D:2      | Noticed Terence
   671 | D:2      | Found an opulent altar of Gozag.
   684 | D:2      | Killed Terence
   684 | D:2      | Reached skill level 3 in Short Blades
   684 | D:2      | Reached XP level 4. HP: 2/31 MP: 4/4
   969 | D:2      | Became a worshipper of Gozag Ym Sagoz the Greedy
  1675 | D:3      | Reached XP level 5. HP: 20/36 MP: 5/5
  1699 | D:3      | Found a bloodstained altar of Trog.
  1702 | D:3      | Noticed an eye of draining
  1706 | D:3      | Noticed an eye of draining
  1737 | D:3      | Killed an eye of draining
  1737 | D:3      | Reached skill level 4 in Short Blades
  1737 | D:3      | Reached skill level 1 in Dodging
  1737 | D:3      | Reached XP level 6. HP: 31/42 MP: 1/6
  1757 | D:3      | Killed an eye of draining
  1757 | D:3      | Reached skill level 5 in Short Blades
  1965 | D:3      | Noticed Purgy
  1981 | D:3      | Killed Purgy
  1981 | D:3      | Reached XP level 7. HP: 19/46 MP: 7/7
  1982 | D:3      | Found a sacrificial altar of Ru.
  2012 | D:3      | Found a runed door.
  2016 | D:3      | Noticed Crazy Yiuf
  2045 | D:3      | Mangled by Crazy Yiuf

Skill      XL: |  1  2  3  4  5  6 |
---------------+-------------------+-----
Fighting       | 3 |  3.1
Short Blades   | 3 4 5 |  5.8
Shields        | 4 |  4.7
Armour         | 4 |  4.4
Dodging        | 1 |  1.6
Stealth        | |  0.2

Action                   |  1- 3 |  4- 6 |  7- 9 || total
-------------------------+-------+-------+-------++-------
Melee: Rapier            |    84 |   123 |     5 ||   212
Invok: Potion Petition   |       |     1 |       ||     1
  Use: Potion            |     2 |     1 |       ||     3
  Eat: Bread ration      |       |     1 |       ||     1
Armor: Scale mail        |    36 |    29 |       ||    65
Dodge: Dodged            |    28 |    41 |       ||    69
Block: Shield            |    42 |    53 |     4 ||    99
